[Event "Early-Titled-Tuesday-Blitz-April-16-2024"]
[Site "Chess.com"]
[Date "2024.04.16"]
[Round "6"]
[White "chito89"]
[Black "baki83"]
[Result "1-0"]
[WhiteElo "2747"]
[BlackElo "2914"]
[TimeControl "180+1"]
[EndTime "9:06:29 PDT"]
[Termination "chito89 won by resignation"]

1. Nf3 d5 2. e3 e6 3. c4 Nf6 4.
b3 b6 5. Bb2 Bb7 6. Nc3 Be7 7.
cxd5 exd5 8. Rc1 O-O 9. d4 c5 10. Be2 Nbd7 11. O-O a6 12. Ne5 Re8 13. f4 Rc8 14.
Bd3 b5 15. Qf3 b4 16. Na4 Ne4 17. Nxd7 Qxd7 18. Nb6 Qe6 19. Nxc8 Rxc8 20. Bxe4 dxe4 21. Qg3 Bf6 22. Rfd1 Bd5 23. Rxc5 Rxc5 24. dxc5 Bxb2 25. f5 Qc8 26. Rxd5 h6 27. Qd6 Kh7 28. Qd7 Qb8 29. Qxf7 Bc1 30. f6 Bxe3+ 31. Kh1 1-0

[Event "Early-Titled-Tuesday-Blitz-April-16-2024"]
[Site "Chess.com"]
[Date "2024.04.16"]
[Round "6"]
[White "AradNazari"]
[Black "MrVenky"]
[Result "1-0"]
[WhiteElo "2708"]
[BlackElo "2535"]
[TimeControl "180+1"]
[EndTime "9:06:30 PDT"]
[Termination "AradNazari won by resignation"]

1. e4 e5 2. f4 Bc5 3. Nf3 d6 4. c3 Bb6 5. d4 exd4 6. cxd4 Bg4 7. Be3 Nf6 8. Nc3 O-O 9. h3 Bd7 10. Bd3 Re8 11. O-O Nc6 12. Bf2 Nb4 13. Bb1 c6 14. a3 Na6 15. e5 Nd5 16. Nxd5 cxd5 17. Bxh7+ Kxh7 18. Ng5+ Kg6 19. Qd3+ Bf5 20. Qg3 Bg4 21.
hxg4 1-0

[Event "Early-Titled-Tuesday-Blitz-April-16-2024"]
[Site "Chess.com"]
[Date "2024.04.16"]
[Round "6"]
[White "BardArtem"]
[Black "OparinGrigoriy"]
[Result "0-1"]
[WhiteElo "2855"]
[BlackElo "2991"]
[TimeControl "180+1"]
[EndTime "9:06:32 PDT"]
[Termination "OparinGrigoriy won by resignation"]

1. e4 c6 2. d4 d5 3. exd5 cxd5 4.
Bd3 Nc6 5. c3 Nf6 6. Nf3 Bg4 7.
O-O e6 8. Bf4 Bd6 9. Bxd6 Qxd6 10. Nbd2 O-O 11. Qe1 Bf5 12. Bxf5 exf5 13. Qb1 Ne4 14. Re1 Rfe8 15. Nf1 Re7 16. Qd3 Rae8 17. Ne3 g6 18. Qb5 Nf6 19. h3 f4 20. Ng4 Ne4 21. Nge5 f6 22. Nxc6 bxc6 23. Qd3 g5 24. Nd2 Kg7 25.
Nb3 h5 26. f3 Ng3 27. Kf2 Re3 28. Qd2 Qe7 29. Rac1 Re2+ 30. Rxe2 Qxe2+ 31. Qxe2 Rxe2+ 32. Kg1 Rxb2 33. c4 Ne2+ 0-1

[Event "Early-Titled-Tuesday-Blitz-April-16-2024"]
[Site "Chess.com"]
[Date "2024.04.16"]
[Round "6"]
[White "Stanbad1"]
[Black "CarlosjPineror"]
[Result "1-0"]
[WhiteElo "2583"]
[BlackElo "2717"]
[TimeControl "180+1"]
[EndTime "9:06:35 PDT"]
[Termination "Stanbad1 won by resignation"]

1. d4 Nf6 2. Nc3 d5 3. Bf4 c5 4. e4 cxd4 5. Qxd4 Nc6 6. Bb5 dxe4 7. Qxd8+ Kxd8 8. O-O-O+ Bd7 9. Nge2 Ke8 10. Ng3 a6 11. Be2 e5 12. Bg5 Be6 13. Ngxe4 Nxe4 14. Nxe4 f6 15.
Be3 Be7 16. Bc5 Kf7 17. Bxe7 Kxe7 18. Nc5 Rab8 19. c3 Rhd8 20. Bf3 Rxd1+ 21. Rxd1 Nd8 22. b3 a5 23. Kb2 b6 24. Ne4 Rc8 25. Nd6 Rc7 26. c4 Rd7 27. Nc8+ Ke8 28. Rxd7 Bxd7 29. Nxb6 Bc6 30. Nd5 Bxd5 31. Bxd5 Ke7 32. Kc3 Kd6 33. a3 h5 34. b4 h4 35. Kd3 f5 36. g3 g5 37. f3 h3 38. g4 fxg4 39. fxg4 Kc7 40. Ke4 1-0

[Event "Early-Titled-Tuesday-Blitz-April-16-2024"]
[Site "Chess.com"]
[Date "2024.04.16"]
[Round "6"]
[White "mishanick"]
[Black "Alen_Yeremyann"]
[Result "1-0"]
[WhiteElo "3060"]
[BlackElo "2828"]
[TimeControl "180+1"]
[EndTime "9:06:37 PDT"]
[Termination "mishanick won by resignation"]

1. d4 Nf6 2. c4 g6 3. Nc3 d5 4.
Bg5 Bg7 5. Bxf6 Bxf6 6. cxd5 c6 7. e4 cxd5 8. Bb5+ Bd7 9. Bxd7+ Nxd7 10. Nxd5 Bg7 11. Nf3 O-O 12. O-O e6 13. Nc3 a6 14.
Qd2 b5 15. Rad1 Nb6 16. b3 b4 17. Ne2 a5 18. Ng3 Rc8 19. h4 Rc3 20. h5 Qc7 21.
h6 Bh8 22. Rc1 Rc8 23. Ne2 Rc2 24. Qg5 Qd6 25. e5 Qd7 26. Ng3 Nd5 27. Ne4 Qe7 28. Qd2 R2c6 29. Nd6 R8c7 30. Rc4 Rxd6 31. exd6 Qxd6 32.
a3 Bf6 33. axb4 axb4 34. Rxc7 Qxc7 35. Ra1 Qb7 36. Qd3 Nf4 37. Qa6 Qxa6 38. Rxa6 Kf8 39. Rb6 Nd5 40. Rb8+ Ke7 41. Rb7+ Ke8 42. Ne5 Be7 43.
Rb8+ 1-0

[Event "Early-Titled-Tuesday-Blitz-April-16-2024"]
[Site "Chess.com"]
[Date "2024.04.16"]
[Round "6"]
[White "PonyQueen07"]
[Black "Gryffindorac8"]
[Result "0-1"]
[WhiteElo "2210"]
[BlackElo "2442"]
[TimeControl "180+1"]
[EndTime "9:06:38 PDT"]
[Termination "Gryffindorac8 won on time"]

1. c4 Nf6 2. Nc3 c5 3. g3 e6 4.
Bg2 d5 5. cxd5 exd5 6. d3 Nc6 7.
Nf3 Be7 8. O-O O-O 9. Bg5 Be6 10. d4 cxd4 11. Nxd4 h6 12. Bxf6 Bxf6 13. e3 Re8 14. Qd2 Qb6 15. Rad1 Rad8 16. Nce2 Bg4 17. b3 Nxd4 18.
Nxd4 Bxd1 19. Rxd1 a6 20. Nf5 d4 21. Nxd4 Re7 22. h3 Red7 23. Kh2 Bxd4 24. exd4 Rxd4 25. Qe2 Rxd1 26. Qe7 R1d7 0-1

[Event "Early-Titled-Tuesday-Blitz-April-16-2024"]
[Site "Chess.com"]
[Date "2024.04.16"]
[Round "6"]
[White "RamonManon0g"]
[Black "martinmena"]
[Result "1-0"]
[WhiteElo "2439"]
[BlackElo "2161"]
[TimeControl "180+1"]
[EndTime "9:06:38 PDT"]
[Termination "RamonManon0g won by resignation"]

1. e4 c6 2. Nc3 d5 3. Qf3 e6 4.
d4 Nf6 5. exd5 cxd5 6. Bd3 Nc6 7. Nge2 Be7 8. O-O O-O 9. h3 Nb4 10. Bg5 Nxd3 11. Qxd3 b6 12. f4 Bb7 13. f5 Ne4 14. Bxe7 Qxe7 15. Ng3 exf5 16. Nxf5 Qg5 17. Rae1 g6 18. Ne3 Nxc3 19. Qxc3 f5 20. Qc7 Rf7 21.
Qd6 Qf6 22. Qf4 Re8 23. Ng4 Qg7 24. Rxe8+ Rf8 25. Nh6+ 1-0

[Event "Early-Titled-Tuesday-Blitz-April-16-2024"]
[Site "Chess.com"]
[Date "2024.04.16"]
[Round "6"]
[White "Denisenko_Denis"]
[Black "H3nriqueTV"]
[Result "1-0"]
[WhiteElo "2435"]
[BlackElo "2294"]
[TimeControl "180+1"]
[EndTime "9:06:42 PDT"]
[Termination "Denisenko_Denis won by resignation"]

1. d4 d5 2. Bf4 c6 3. e3 Nf6 4. Nf3 Bg4 5. c4 e6 6. Be2 Bd6 7. Bg5 Nbd7 8. Qb3 b6 9. Nc3 O-O 10. O-O h6 11. Bh4 Rc8 12. Rfd1 Qc7 13. Bg3 Bxg3 14. hxg3 dxc4 15. Bxc4 e5 16. Ba6 Rcd8 17. dxe5 Bxf3 18. gxf3 Nxe5 19. Be2 Qc8 20. Kg2 Qf5 21. Rxd8 Rxd8 22. Rd1 Re8 23. Qa4 Nh7 24. f4 b5 25.
Qxa7 Ng4 26. Qd7 Re6 27. e4 Qh5 28. Rh1 Qg6 29. f5 Qf6 30. Bxg4 Rd6 31. Qe8+ Nf8 32. e5 Rd8 33. exf6 Rxe8 34. fxg7 Kxg7 1-0

[Event "Early-Titled-Tuesday-Blitz-April-16-2024"]
[Site "Chess.com"]
[Date "2024.04.16"]
[Round "6"]
[White "KVAIDAN"]
[Black "AlexeiShirov"]
[Result "1-0"]
[WhiteElo "2358"]
[BlackElo "2798"]
[TimeControl "180+1"]
[EndTime "9:06:43 PDT"]
[Termination "KVAIDAN won by resignation"]

1. f4 d5 2. Nf3 g6 3. e3 Bg7 4.
Be2 Nf6 5. O-O O-O 6. d3 c5 7. Kh1 Nc6 8. a4 Qc7 9. Nc3 d4 10. Nb5 Qb6 11. e4 Ng4 12. Qe1 Ne3 13. Bxe3 dxe3 14.
e5 a6 15. Nc3 Nd4 16. Nd5 Qd8 17. Nxe3 f6 18. c3 Nxf3 19. Rxf3 fxe5 20. fxe5 Bxe5 21. Rxf8+ Qxf8 22. Nc4 Bc7 23. Bf3 Qf4 24. Qg3 Qxg3 25. hxg3 Bxg3 26. Nb6 Rb8 27. Nxc8 Rxc8 28. Bxb7 Rb8 29.
Bxa6 Rxb2 30. Bc4+ Kg7 31. a5 Bb8 32. a6 Ba7 33.
Kh2 Rc2 34. Rb1 Rxc3 35. Rb7 1-0

[Event "Early-Titled-Tuesday-Blitz-April-16-2024"]
[Site "Chess.com"]
[Date "2024.04.16"]
[Round "6"]
[White "Andrei_Skvortsov"]
[Black "platy3"]
[Result "0-1"]
[WhiteElo "2651"]
[BlackElo "2907"]
[TimeControl "180+1"]
[EndTime "9:06:44 PDT"]
[Termination "platy3 won by resignation"]

1. e4 c5 2. d4 cxd4 3. Qxd4 Nc6 4. Qd3 g6 5. Nc3 Bg7 6. Nf3 d6 7. Be2 Nf6 8. O-O O-O 9. Nd5 Be6 10. c3 Nd7 11.
Bg5 h6 12. Bh4 Nc5 13. Qe3 g5 14. b4 Nd7 15. Bxg5 hxg5 16. Nxg5 Nf6 17. Nxe6 fxe6 18.
Nf4 Qc8 19. Bc4 Nd8 20. Bb3 a5 21. a3 axb4 22. cxb4 Ng4 23. Qg3 Qc3 24. Nxe6 Qxg3 25. hxg3 Bxa1 26. Nc7+ Kh7 27. Nxa8 Bd4 0-1

[Event "Early-Titled-Tuesday-Blitz-April-16-2024"]
[Site "Chess.com"]
[Date "2024.04.16"]
[Round "6"]
[White "DenLaz"]
[Black "temus_galaktionov"]
[Result "1-0"]
[WhiteElo "3112"]
[BlackElo "2857"]
[TimeControl "180+1"]
[EndTime "9:06:47 PDT"]
[Termination "DenLaz won by resignation"]

1. d4 c6 2. c4 g6 3. Nf3 d6 4. g3 Bg7 5. Bg2 Nd7 6. O-O Ngf6 7. Nc3 O-O 8. e4 e5 9. h3 a5 10. Be3 exd4 11. Nxd4 Nc5 12. Qc2 a4 13. Rad1 Qa5 14. Bf4 Rd8 15. Nf3 Ne8 16. Bg5 Rd7 17. Bd2 Qa6 18.
b3 axb3 19. axb3 Qb6 20. Rb1 Re7 21. b4 Ne6 22. Be3 Nd4 23. Bxd4 Bxd4 24. Na4 Qa7 25. Nxd4 Qxd4 26. c5 dxc5 27. Nb6 Rb8 28. bxc5 Be6 29. Rfd1 Qg7 30. Qd2 f5 31. Re1 fxe4 32. Rxe4 Nf6 33.
Re3 Bf5 34. Rbe1 Rxe3 35. Rxe3 Qc7 36. Nc4 Rd8 37. Nd6 b6 38. Qb2 bxc5 39. Qxf6 Rf8 40. Qe5 Bb1 41. Qxc5 Qd7 42. Qxc6 Qxc6 43. Bxc6 Rf6 44.
Bd5+ Kf8 45. Re8+ Kg7 46. Rg8+ Kh6 47. Nf7+ Kh5 48. Rg7 h6 49. Kg2 1-0

[Event "Early-Titled-Tuesday-Blitz-April-16-2024"]
[Site "Chess.com"]
[Date "2024.04.16"]
[Round "6"]
[White "GMSrinath"]
[Black "Anton_Demchenko"]
[Result "0-1"]
[WhiteElo "2811"]
[BlackElo "3014"]
[TimeControl "180+1"]
[EndTime "9:06:49 PDT"]
[Termination "Anton_Demchenko won by resignation"]

1. Nf3 Nf6 2. c4 g6 3. g3 Bg7 4. Bg2 O-O 5. O-O d6 6. d4 Nbd7 7. Nc3 e5 8. e4 exd4 9. Nxd4 Nc5 10. h3 Re8 11. Re1 a5 12. b3 c6 13. Rb1 h6 14.
Bf4 Nh7 15. Qd2 Ng5 16. h4 Bxd4 17. Qxd4 Nge6 18. Qxd6 Nxf4 19. Qxf4 Nd3 20. Qxh6 Nxe1 21. Rxe1 Qd4 22. Re3 Qe5 23. Kh2 Bg4 24. f4 Qd4 25. f5 Bxf5 26. Ne2 Qg7 27. Qf4 Qe5 28. Qf2 Bg4 29. Nf4 Rad8 30. Nd3 Qd4 31. e5 Bf5 0-1

[Event "Early-Titled-Tuesday-Blitz-April-16-2024"]
[Site "Chess.com"]
[Date "2024.04.16"]
[Round "6"]
[White "Kotlyar_K"]
[Black "crazy_but_lazy"]
[Result "1-0"]
[WhiteElo "2695"]
[BlackElo "2550"]
[TimeControl "180+1"]
[EndTime "9:06:50 PDT"]
[Termination "Kotlyar_K won on time"]

1. d4 d5 2. c4 c6 3. Nf3 Nf6 4. e3 e6 5. b3 b6 6. Bb2 Nbd7 7. Bd3 Bb7 8. O-O Bd6 9. Nc3 O-O 10. Qc2 Rc8 11.
e4 dxe4 12. Nxe4 Nxe4 13. Bxe4 f5 14. Bd3 c5 15. d5 exd5 16. cxd5 Bxd5 17. Bc4 Bf7 18.
Rad1 Qc7 19. Bxf7+ Rxf7 20. Qd3 Bf8 21. Ng5 Ne5 22.
Bxe5 Qxe5 23. Nxf7 Qf6 24. Nd6 Rd8 25. Qc4+ Kh8 26. Nf7+ 1-0

[Event "Early-Titled-Tuesday-Blitz-April-16-2024"]
[Site "Chess.com"]
[Date "2024.04.16"]
[Round "6"]
[White "ural58"]
[Black "JJDAREK"]
[Result "1-0"]
[WhiteElo "2472"]
[BlackElo "2311"]
[TimeControl "180+1"]
[EndTime "9:06:50 PDT"]
[Termination "ural58 won on time"]

1. e4 d6 2. d4 g6 3. Nc3 a6 4.
Be3 b5 5. h4 h5 6. a4 b4 7.
Nce2 Bb7 8. Ng3 Nd7 9. Bc4 Bg7 10. Nf3 e6 11. Qe2 Ne7 12. Ng5 d5 13. exd5 Nxd5 14. O-O-O N7b6 15. Bb3 a5 16. N3e4 Nxe3 17. fxe3 O-O 18.
g4 hxg4 19. h5 gxh5 20. Nxe6 fxe6 21. Bxe6+ Rf7 22. Rdf1 Bxe4 23. Bxf7+ Kh7 24. Rxh5+ Bh6 25. Qxg4 Qd7 26. Qxe4+ 1-0

[Event "Early-Titled-Tuesday-Blitz-April-16-2024"]
[Site "Chess.com"]
[Date "2024.04.16"]
[Round "6"]
[White "andong36"]
[Black "Nf3c5"]
[Result "0-1"]
[WhiteElo "2432"]
[BlackElo "2614"]
[TimeControl "180+1"]
[EndTime "9:06:51 PDT"]
[Termination "Nf3c5 won by resignation"]

1. Nf3 d5 2. b3 Nf6 3. Bb2 Bf5 4. d3 e6 5. g3 h6 6. Bg2 Be7 7. O-O O-O 8. Nbd2 a5 9. a4 Na6 10. Re1 Nb4 11. c3 Na6 12. e4 Bh7 13. exd5 Nxd5 14. d4 c5 15. Qe2 cxd4 16. Nxd4 Nc5 17. Rad1 Nd3 18. Nxe6 fxe6 19. Qxe6+ Kh8 20. Bxd5 Nxb2 21. Nc4 Nxd1 22. Rxd1 Bg8 23. Qe4 Bf6 24. Ne3 Re8 25. Qf3 Bxd5 26. Nxd5 Qd6 27. Nf4 Qc6 28. Ng6+ Kh7 29.
Qd3 Qe4 30. Nf8+ Kg8 31. Nd7 Qxd3 32. Rxd3 Rad8 33. Nxf6+ gxf6 34. Rf3 Kf7 35. Rf5 b6 36. Rb5 Rd6 37. b4 Re5 38. bxa5 Rxb5 39. axb5 bxa5 40. c4 Rd1+ 41. Kg2 Rc1 42. b6 Rxc4 43. b7 Rb4 0-1

[Event "Early-Titled-Tuesday-Blitz-April-16-2024"]
[Site "Chess.com"]
[Date "2024.04.16"]
[Round "6"]
[White "Massakru"]
[Black "yuriydovzik"]
[Result "1-0"]
[WhiteElo "2358"]
[BlackElo "2139"]
[TimeControl "180+1"]
[EndTime "9:06:52 PDT"]
[Termination "Massakru won on time"]

1. e4 c6 2. d4 Na6 3. c4 e5 4. d5 Nf6 5. Nc3 Nc5 6. f3 a5 7.
Bg5 h6 8. Bh4 g5 9. Bg3 d6 10.
h4 Nh5 11. Bf2 gxh4 12. Rxh4 Nf4 13. g3 Ng6 14. Rh1 cxd5 15. Nxd5 Be6 16. Bh3 Bg7 17. Bxc5 dxc5 18. Qa4+ Kf8 19. O-O-O Bxd5 20. Rxd5 Qg5+ 21. Kb1 Qxg3 22. Qd1 Kg8 23. Bf5 Kh7 24. Nh3 1-0

[Event "Early-Titled-Tuesday-Blitz-April-16-2024"]
[Site "Chess.com"]
[Date "2024.04.16"]
[Round "6"]
[White "michaelskie11"]
[Black "SoCalJuniorChess"]
[Result "1-0"]
[WhiteElo "2383"]
[BlackElo "2191"]
[TimeControl "180+1"]
[EndTime "9:06:53 PDT"]
[Termination "michaelskie11 won by resignation"]

1. d4 Nf6 2. Nc3 d6 3. e4 c5 4.
dxc5 Qa5 5. cxd6 Nxe4 6. Bd2 Nxd2 7. Qxd2 exd6 8. Nf3 Nc6 9. Bc4 Bg4 10. O-O-O O-O-O 11. Bxf7 Be7 12. Kb1 Bf6 13. Ne4 Be5 14. Nxe5 dxe5 15. Qxa5 Nxa5 16. f3 Rhf8 17. fxg4 Rxf7 18. Nd6+ Rxd6 19.
Rxd6 Rf2 20. Rg1 Nc4 21. Rdd1 e4 22. b3 Na3+ 23. Kb2 Nb5 24. a4 Nc7 25. Rde1 1-0

[Event "Early-Titled-Tuesday-Blitz-April-16-2024"]
[Site "Chess.com"]
[Date "2024.04.16"]
[Round "6"]
[White "CD3m"]
[Black "ragnaroek66"]
[Result "0-1"]
[WhiteElo "2344"]
[BlackElo "2517"]
[TimeControl "180+1"]
[EndTime "9:06:55 PDT"]
[Termination "ragnaroek66 won by resignation"]

1. d4 Nf6 2. Bf4 d5 3. e3 e6 4. Nd2 c5 5. c3 Nc6 6. Ngf3 cxd4 7. exd4 Nh5 8. Be3 Bd6 9. Bb5 Nf4 10.
O-O O-O 11. Re1 f6 12. a4 Ne7 13. a5 Neg6 14. Bf1 e5 15. g3 Nh3+ 16. Bxh3 Bxh3 17.
dxe5 fxe5 18. Qb3 Bc7 19. Ng5 Bc8 20. Nde4 h6 21. Rad1 Ne7 22. Bc5 hxg5 23. Nxg5 Rf5 24. Qb4 Nc6 25. h4 Nxb4 0-1

[Event "Early-Titled-Tuesday-Blitz-April-16-2024"]
[Site "Chess.com"]
[Date "2024.04.16"]
[Round "6"]
[White "ContrVersia"]
[Black "temiksmozg"]
[Result "1-0"]
[WhiteElo "2901"]
[BlackElo "2669"]
[TimeControl "180+1"]
[EndTime "9:06:57 PDT"]
[Termination "ContrVersia won by resignation"]

1. Nf3 d5 2. c4 c6 3. g3 dxc4 4.
Bg2 b5 5. O-O Bb7 6. d3 cxd3 7.
Ne5 Nf6 8. a4 a6 9. axb5 axb5 10. Rxa8 Bxa8 11. Nc3 e6 12. Qxd3 Qxd3 13. Nxd3 b4 14. Na4 Nbd7 15. Bd2 Nd5 16. Ra1 Bb7 17. e4 N5f6 18. Be3 c5 19. Naxc5 Nxc5 20. Nxc5 Bxc5 21. Bxc5 Kd7 22. Bxb4 Bxe4 23. Ra7+ Kc6 24. Rxf7 Bxg2 25. Kxg2 Nd5 26. Bc3 Rg8 27. Bxg7 Kd6 28. f4 h5 29. Be5+ Kc5 30. Kf3 Rc8 31. Rh7 Ra8 32.
Rxh5 Ra1 33. b4+ 1-0

[Event "Early-Titled-Tuesday-Blitz-April-16-2024"]
[Site "Chess.com"]
[Date "2024.04.16"]
[Round "6"]
[White "jaskol95"]
[Black "Leo_C"]
[Result "0-1"]
[WhiteElo "2540"]
[BlackElo "2664"]
[TimeControl "180+1"]
[EndTime "9:06:59 PDT"]
[Termination "Leo_C won by checkmate"]

1. e4 c5 2. Nf3 d6 3. Bb5+ Bd7 4. a4 Nf6 5. Nc3 e6 6. d3 Be7 7. h3 O-O 8. Bg5 h6 9. Be3 Nc6 10. Qd2 Qc7 11. O-O Rad8 12. Bc4 Bc8 13. Ba2 d5 14. exd5 exd5 15. d4 Ne4 16. Qe2 Bf6 17.
Nxd5 Qd7 18. Nxf6+ Nxf6 19. dxc5 Qf5 20. Rad1 Rde8 21.
Nd4 Nxd4 22. Rxd4 Qxc5 23. Qc4 Qh5 24. Rh4 Qg6 25. Bc5 Be6 26. Qb5 Bxa2 27. Bxf8 Bd5 28. Rg4 Nxg4 29. hxg4 Bc6 30. Qc5 Rxf8 31. Qxa7 Qxg4 32.
b3 Qxg2# 0-1

[Event "Early-Titled-Tuesday-Blitz-April-16-2024"]
[Site "Chess.com"]
[Date "2024.04.16"]
[Round "6"]
[White "aljado"]
[Black "romulocardoso"]
[Result "1-0"]
[WhiteElo "2151"]
[BlackElo "2307"]
[TimeControl "180+1"]
[EndTime "9:07:02 PDT"]
[Termination "aljado won by resignation"]

1. e4 c6 2. d4 d5 3. exd5 cxd5 4.
c4 dxc4 5. Bxc4 Nc6 6. Nf3 Bg4 7.
d5 Na5 8. Qa4+ Bd7 9. Bb5 b6 10. Ne5 Nf6 11. Nxd7 Nxd7 12. Bc6 Nxc6 13. dxc6 Nc5 14.
Qb5 Qd3 15. Nc3 e6 16. Be3 Be7 17. Bxc5 Qxb5 18. Nxb5 Bxc5 19. Nc7+ Ke7 20. Nxa8 Rxa8 21. a3 Rc8 22. b4 Bd4 23. Rc1 b5 24. Rc2 Kd6 25.
Ke2 Rxc6 26. Rxc6+ Kxc6 27. Rc1+ Kb7 28. Rd1 e5 29. f4 f6 30. fxe5 fxe5 31. Rf1 Bb2 32. Rf7+ Kb6 33. Rxg7 Bxa3 34. Rxh7 Bxb4 35. h4 a5 36. h5 a4 37. h6 a3 38. Rf7 a2 39.
Rf1 Bc3 40. Kd3 b4 41. Ke4 b3 42. h7 b2 43. h8=Q a1=Q 44. Qb8+ Kc6 45. Qc8+ Kb5 46. Qb7+ Kc4 47. Qd5+ Kb4 48. Qb7+ Ka3 49. Qa6+ Kb3 50. Qb5+ Bb4 51. Qd3+ Bc3 52. Qb5+ Ka3 53. Qa6+ Kb4 54. Qb6+ Ka4 55. Qa6+ Ba5 56. Qc4+ Ka3 57. Rf3+ 1-0

[Event "Early-Titled-Tuesday-Blitz-April-16-2024"]
[Site "Chess.com"]
[Date "2024.04.16"]
[Round "6"]
[White "Sanan_Sjugirov"]
[Black "Smoking_Crow"]
[Result "1-0"]
[WhiteElo "3047"]
[BlackElo "2679"]
[TimeControl "180+1"]
[EndTime "9:07:03 PDT"]
[Termination "Sanan_Sjugirov won by resignation"]

1. e4 e5 2. Nf3 Nc6 3. Bc4 Nf6 4. d3 Bc5 5. O-O d6 6. c3 O-O 7. Nbd2 Bb6 8. a4 a6 9. h3 Ne7 10. Re1 Ng6 11. Bb3 h6 12. d4 Re8 13. Bc2 c6 14. Nf1 Bc7 15. Ng3 Bd7 16. Be3 b5 17. Qd2 a5 18.
Bxh6 gxh6 19. Qxh6 Qe7 20. Nf5 Qf8 21. Qg5 Nh7 22.
Qd2 Kh8 23. g3 f6 24. Kg2 Rab8 25. axb5 cxb5 26. Bb3 Ne7 27. N3h4 Nxf5 28. Ng6+ Kg7 29. Nxf8 Rxf8 30. exf5 Bc6+ 31. Kh2 Ng5 32. Bd1 Rh8 33. h4 Rbg8 34. d5 Bd7 35. Kg2 Nf7 36. c4 b4 37. c5 Bxf5 38. Bc2 Bd7 39. c6 Bc8 40. Qe2 f5 41. Bd3 Kf6 42. Ba6 e4 43. Bxc8 Rxc8 44.
f3 Ne5 45. fxe4 f4 46. Rf1 f3+ 47. Rxf3+ Nxf3 48. Qxf3+ Ke5 49. Qf4+ Kd4 50. Rd1+ Kc5 51.
Qe3+ Kb5 52. Qd3+ Kb6 53. Qd4+ Kb5 54. Qd3+ Kb6 55. e5 Rce8 56. e6 Ref8 57. Rf1 Rfg8 58. e7 Re8 59. Qd4+ Ka6 60. Qxh8 1-0

[Event "Early-Titled-Tuesday-Blitz-April-16-2024"]
[Site "Chess.com"]
[Date "2024.04.16"]
[Round "6"]
[White "rionelG"]
[Black "AsaHoffmann"]
[Result "0-1"]
[WhiteElo "2202"]
[BlackElo "2391"]
[TimeControl "180+1"]
[EndTime "9:07:03 PDT"]
[Termination "AsaHoffmann won on time"]

1. e4 d6 2. d4 Nf6 3. Nc3 c6 4.
Bg5 Nbd7 5. Nf3 e5 6. a4 Be7 7.
Bc4 Qa5 8. Bd2 Qc7 9. Qe2 O-O 10. O-O h6 11. dxe5 dxe5 12. Nh4 Nc5 13. f4 Bg4 14. Qe1 Rad8 15. Kh1 Rfe8 16. f5 Bh5 17. h3 Nh7 18.
Be3 Rd4 19. Bxd4 exd4 20. Nd1 Bxd1 21. Rxd1 Bxh4 22. Qxh4 Rxe4 23. Qf2 Qd6 24. Bd3 Re8 25. Rfe1 Rd8 26. b3 Nf6 27. Be4 Nfxe4 28. Qh4 Nf6 29. Re2 Qd5 30. Red2 Qxf5 31. Rxd4 Rxd4 32. Qxd4 Ne6 33. Qd6 Ne4 34. Qb8+ Kh7 35. Re1 a5 36. Qxb7 N6g5 0-1

[Event "Early-Titled-Tuesday-Blitz-April-16-2024"]
[Site "Chess.com"]
[Date "2024.04.16"]
[Round "6"]
[White "PLAYER_2006_M"]
[Black "francyIM"]
[Result "1-0"]
[WhiteElo "2980"]
[BlackElo "2809"]
[TimeControl "180+1"]
[EndTime "9:07:05 PDT"]
[Termination "PLAYER_2006_M won by resignation"]

1. e4 c6 2. d4 d5 3. e5 Bf5 4.
Nf3 e6 5. Be2 Ne7 6. O-O Nd7 7.
Nbd2 c5 8. c4 Rc8 9. Re1 Bg4 10.
dxc5 Nxc5 11. h3 Bxf3 12. Nxf3 dxc4 13. Bxc4 Qxd1 14. Rxd1 Nc6 15. Be3 a6 16. Rac1 Nd7 17. Bd3 Be7 18. Be4 Ndb8 19. Nd4 Bd8 20. Nxc6 Nxc6 21.
Rd6 Be7 22. Bxc6+ bxc6 23. Rdxc6 Rxc6 24. Rxc6 Kd7 25. Rxa6 Rc8 26. Ra7+ Ke8 27. a4 Rc2 28. Rb7 f6 29. exf6 gxf6 30. a5 Re2 1-0

[Event "Early-Titled-Tuesday-Blitz-April-16-2024"]
[Site "Chess.com"]
[Date "2024.04.16"]
[Round "6"]
[White "Bulatova_Kamaliya"]
[Black "Burgsvik"]
[Result "0-1"]
[WhiteElo "2426"]
[BlackElo "2269"]
[TimeControl "180+1"]
[EndTime "9:07:05 PDT"]
[Termination "Burgsvik won on time"]

1. e4 e6 2. d4 d5 3. exd5 exd5 4. Bd3 Nc6 5. c3 Bd6 6. h3 Nge7 7. Qf3 Be6 8. Be3 Qd7 9. Ne2 O-O-O 10. Nd2 f6 11. Nf4 Kb8 12. b4 Bxf4 13. Qxf4 Rdf8 14. Nb3 g5 15.
Qf3 g4 16. Qe2 gxh3 17. gxh3 Bxh3 18. Nc5 Qg4 19. f3 Qc8 20. Ba6 Nd8 21. Bxb7 Nxb7 22.
Na6+ Ka8 23. Bf4 Re8 24. O-O-O Nd6 25. Nxc7+ Qxc7 26. Rxh3 Nef5 27. Qd3 Qd7 28. Rh5 Rhg8 29. Bxd6 Nxd6 30. Rxd5 Qc6 31. Rc5 Qb7 32. Rf1 Rc8 33. Rh1 Rxc5 34. dxc5 Nb5 35. Rxh7 Qc6 0-1

[Event "Early-Titled-Tuesday-Blitz-April-16-2024"]
[Site "Chess.com"]
[Date "2024.04.16"]
[Round "6"]
[White "stepanosinovsky"]
[Black "klercaku"]
[Result "0-1"]
[WhiteElo "2383"]
[BlackElo "2200"]
[TimeControl "180+1"]
[EndTime "9:07:08 PDT"]
[Termination "klercaku won by checkmate"]

1. e4 e5 2. Nf3 Nc6 3. Bb5 a6 4. Ba4 Nf6 5. O-O b5 6. Bb3 Be7 7. c3 d6 8. d4 O-O 9. h3 Bb7 10. Nbd2 exd4 11. cxd4 Nb4 12. e5 dxe5 13. dxe5 Ne4 14.
Re1 Nc5 15. a3 Nbd3 16. Re3 Nxb3 17. Qxb3 Nxc1 18. Rxc1 c5 19. Ne4 c4 20. Qc2 Qb6 21. h4 Rfd8 22. Neg5 Qg6 23. Qe2 h6 24. Ne4 Rd3 25.
Re1 Rad8 26. Nfd2 Rxd2 27. Nxd2 Qxg2# 0-1

[Event "Early-Titled-Tuesday-Blitz-April-16-2024"]
[Site "Chess.com"]
[Date "2024.04.16"]
[Round "6"]
[White "alpope"]
[Black "IsmaelAmadorGarcia"]
[Result "1-0"]
[WhiteElo "2521"]
[BlackElo "2344"]
[TimeControl "180+1"]
[EndTime "9:07:11 PDT"]
[Termination "alpope won on time"]

1. g3 g6 2. Bg2 Bg7 3. e4 c5 4. Ne2 Nc6 5. O-O Nf6 6. c3 O-O 7. d4 d6 8. h3 Bd7 9. Be3 cxd4 10. cxd4 Rc8 11. Nbc3 a6 12. Qd2 Na5 13. b3 e5 14. Rfd1 exd4 15. Nxd4 Nc6 16. Rac1 Nb4 17. a3 Nc6 18. Nxc6 Bxc6 19. Qxd6 Qxd6 20. Rxd6 Rfe8 21.
f3 Nd7 22. Ne2 Bf8 23. Rd2 Bxa3 24. Rcd1 Nf6 25. Bd4 Nd7 26. Kh2 Bb4 27. Rc2 Bb5 28. Rdc1 Rxc2 29. Rxc2 Rd8 30. Nf4 Bd6 31. Nd5 Bc6 32.
f4 Bxd5 33. exd5 1-0

[Event "Early-Titled-Tuesday-Blitz-April-16-2024"]
[Site "Chess.com"]
[Date "2024.04.16"]
[Round "6"]
[White "SaiAgni_98"]
[Black "le-castor-faineant"]
[Result "1-0"]
[WhiteElo "2484"]
[BlackElo "2331"]
[TimeControl "180+1"]
[EndTime "9:07:11 PDT"]
[Termination "SaiAgni_98 won by resignation"]

1. e4 e5 2. Nf3 Nf6 3. d4 Nxe4 4. dxe5 d5 5. Nbd2 Nxd2 6. Bxd2 Bc5 7. Bd3 O-O 8. O-O Nc6 9. h3 Re8 10. Re1 a5 11. c3 h6 12. Bf4 d4 13. Qd2 dxc3 14.
bxc3 Bf8 15. Rad1 Be6 16. Qe2 Qe7 17. Qe4 g6 18. Qe3 Kh7 19. h4 Bg4 20. Rb1 Bg7 21.
Rxb7 Bxf3 22. Qxf3 Nxe5 23. Bxe5 Bxe5 24. Rxe5 Qxe5 25. Qxf7+ Qg7 26. Bxg6+ Kh8 27. Qxg7+ Kxg7 28. Bxe8 Rxe8 29. Rxc7+ 1-0

[Event "Early-Titled-Tuesday-Blitz-April-16-2024"]
[Site "Chess.com"]
[Date "2024.04.16"]
[Round "6"]
[White "szefru"]
[Black "ChessSG1"]
[Result "0-1"]
[WhiteElo "2272"]
[BlackElo "2417"]
[TimeControl "180+1"]
[EndTime "9:07:11 PDT"]
[Termination "ChessSG1 won by resignation"]

1. e4 c5 2. Nf3 g6 3. Nc3 Bg7 4. Bc4 Nc6 5. O-O e6 6. a4 Nge7 7. d3 d5 8. exd5 exd5 9. Bb5 O-O 10. Bg5 h6 11. Bh4 g5 12. Bg3 Nd4 13. a5 Bg4 14. Re1 Ng6 15. Ba4 Nh4 16. Bxh4 gxh4 17. h3 Nxf3+ 18. gxf3 Bxh3 19. Kh2 Be6 20. Rg1 Kh8 21. f4 Qd6 22. Qf3 Bf6 23. Ne2 Rg8 24. d4 cxd4 25. c3 dxc3 26. Bc2 cxb2 27. Qd3 Rg7 28. Rxg7 Kxg7 29.
Qh7+ Kf8 30. Rg1 Ke7 31. Kh1 d4 32. f5 Bd5+ 0-1